 Dungeon Crawl Stone Soup version 0.30-a0-756-gc2185399d4 (webtiles) character file.

Game seed: 10036313530247412660

4340 kae the Geomancer (level 10, -6/50 HPs)
             Began as a Gargoyle Earth Elementalist on Feb 9, 2023.
             Was a Priest of Vehumet.
             Mangled by a vampire (8 damage)
             ... on level 8 of the Dungeon.
             The game lasted 00:08:03 (7308 turns).

kae the Geomancer (Gargoyle Earth Elementalist)     Turns: 7308, Time: 00:08:04

Health: -6/50      AC: 15    Str: 12    XL:     10   Next: 33%
Magic:  5/19       EV: 16    Int: 20    God:    Vehumet [***...]
Gold:   487        SH:  0    Dex: 10    Spells: 11/21 levels left

rFire   . . .      SeeInvis .    h - staff of earth {!a}
rCold   + . .      Faith    .    (no shield)
rNeg    + . .      Spirit   .    J - +2 leather armour {rC+}
rPois   ∞          Reflect  .    (no helmet)
rElec   +          Harm     .    w - +0 cloak
rCorr   .          Rampage  .    K - +1 pair of gloves
Will    .....                    (no boots)
Stlth   ++                       (no amulet)
HPRegen 0.28/turn                E - +5 ring of evasion
MPRegen 0.16/turn                (no ring)

@: on berserk cooldown, slowed, invisible, very slow
A: sickness immunity, AC +7, negative energy resistance 1, electricity
resistance, torment resistance 1, petrification resistance
a: Renounce Religion


You were on level 8 of the Dungeon.
You worshipped Vehumet.
Vehumet was most pleased with you.
You visited 2 branches of the dungeon, and saw 10 of its levels.

You collected 487 gold pieces.


Innate Abilities, Weirdness & Mutations

You are immune to sickness and miasma.
Your stone body is resilient. (AC +7)
You are immune to poison.
You resist negative energy. (rN+)
You are resistant to electric shocks. (rElec)
You are resistant to unholy torment.
You are immune to petrification.


   Skills:
 - Level 1.5 Dodging
 - Level 2.1 Stealth
 + Level 6.4 Spellcasting
 * Level 10.0 Conjurations
 - Level 0.7 Transmutations
 * Level 11.8 Earth Magic


You had 11 spell levels left.
You knew the following spells:

 Your Spells              Type           Power      Damage    Failure   Level
a - Sandblast             Erth           100%       2d20      1%          1
b - Stone Arrow           Conj/Erth      100%       3d13      1%          3
c - Passwall              Tmut/Erth      39%        N/A       1%          2
d - Petrify               Tmut/Erth      47%        N/A       10%         4

Your spell library contained the following spells:

 Spells                   Type           Power      Damage    Failure   Level
 Mephitic Cloud           Conj/Pois/Air  19%        N/A       2%          3
 Dazzling Flash           Conj/Hex       52%        N/A       1%          3
 Flame Wave               Conj/Fire      26%        2d8       4%          4
 Iskenderun's Mystic Bla  Conj/Tloc      26%        2d7       4%          4
 Sticky Flame             Conj/Fire      26%        2d5       4%          4
 Beastly Appendage        Tmut           18%        N/A       10%         1
 Ignite Poison            Fire/Tmut/Pois 7%         N/A       10%         3
 Inner Flame              Hex/Fire       6%         N/A       11%         3
 Kindle Blastsparks       Fire/Tloc/Air  12%        2d11      11%         3
 Wereblood                Tmut           9%         N/A       14%         2
 Freezing Cloud           Conj/Ice/Air   9%         6-21      22%         5
 Spider Form              Tmut/Pois      7%         N/A       32%         3
 Starburst                Conj/Fire      13%        6d5       50%         6
 Anguish                  Hex/Necr       3%         N/A       77%         4
 Enfeeble                 Hex            3%         N/A       100%        7

Inventory:

Hand Weapons
 e - a +0 short sword
   (You took it off a kobold on level 1 of the Dungeon)
 k - a +1 dagger of venom
   (You took it off a goblin on level 2 of the Dungeon)
 I - a +3 spectral quarterstaff
   (You took it off Joseph on level 8 of the Dungeon)
Missiles
 j - 68 stones
 x - 9 poisoned darts
 A - a throwing net {=f!f}
 H - 3 boomerangs
Armour
 w - a +0 cloak (worn)
   (You took it off Crazy Yiuf on level 5 of the Dungeon)
 J - a +2 leather armour of cold resistance (worn)
   (You took it off Joseph on level 8 of the Dungeon)
 K - a +1 pair of gloves (worn)
   (You found it on level 8 of the Dungeon)
Magical Staves
 h - a staff of earth (weapon) {!a}
   (You found it on level 4 of the Dungeon)
 o - a staff of air {!a}
   (You found it on level 5 of the Dungeon)
Jewellery
 E - a +5 ring of evasion (left hand)
   (You found it on level 2 of the Dungeon)
 F - a ring of fire
   (You found it on level 7 of the Dungeon)
Wands
 g - a wand of polymorph (8)
   (You found it on level 2 of the Dungeon)
 B - a wand of flame (11)
   (You found it on level 8 of the Dungeon)
Scrolls
 m - a scroll of immolation {!r!r}
 t - a scroll of teleportation {@r4}
 u - a scroll of silence {!r}
 y - 2 scrolls of amnesia
 z - a scroll of magic mapping {!r}
 D - a scroll of poison
Potions
 b - 2 potions of magic
 c - 2 potions of flight
 d - 6 potions of curing {unknown}
 f - 3 potions of brilliance
 i - 2 potions of ambrosia {unknown}
 l - 3 potions of degeneration {!q}
 n - 4 potions of haste {@q3}
 p - a potion of mutation {unknown}
 q - a potion of resistance
 r - a potion of might
 s - a potion of cancellation
 v - 4 potions of lignification {!q}

Dungeon Overview and Level Annotations

Branches:
Dungeon (9/15) Zot: 26677  Temple (1/1) D:4 Zot: 5943
   Lair: D:8-11         Orc: D:9-12

Altars:
Ashenzari
Cheibriados
Dithmenos
Elyvilon
Fedhas
Gozag
Hepliaklqana
Kikubaaqudgha
Makhleb
Nemelex Xobeh
Okawaru
Sif Muna
Trog
Uskayaw
Vehumet
Wu Jian
Xom
Yredelemnul
Zin
The Shining One

Annotations:
D:4 2 runed translucent doors, sanka's ghost, amateur DgHu
D:5 2 transporters

### #.#### #.....
#.#### #.# #.# #####
#.#
#..@###########.#
#.{>)...........#
#..†####.###########
##...##
#............
#.....#
#########....
#.....# #.'....
#.....# #.#....
#.....# #.#....
#.....# #.####.


There were no monsters in sight!


Message History

Unknown command.
You hit the orc warrior but do no damage.
You're too confused to move!
You hear some strange, mumbled words.
Something tries to affect you, but you resist.
The orc warrior closely misses you.
You closely miss the orc warrior. Something hits you.
Something barely misses you.
The orc warrior hits you but does no damage. 😕 HP[-3]
You take 3 damage, and now have 66/75 hp.
You miss something. Something hits you. Something barely misses you.
The orc warrior hits you with a +0 mace. 😕 HP[-7]
You take 7 damage, and now have 59/75 hp.
You miss something.
Unknown command.
Something hits you! Something bites you but does no damage.
The orc warrior hits you but does no damage.
You see here a +0 dagger. 😮 HP[-10] MP[+1]
You take 10 damage, and now have 49/75 hp.
You bump into the rock wall.
You feel a strong urge to attack something.
You hear some strange, mumbled words.
Something tries to affect you, but you resist.
The orc warrior barely misses you. 😮 HP[+1] Unknown command.
You bump into the rock wall.
You are no longer berserk.
You are exhausted.
You feel yourself slow down. 😮 HP[-17]
You now have 50 max hp (-25).
You bump into the rock wall.
You feel less confused. Something hits you but does no damage.
Something barely misses you. The orc warrior misses you.
Something barely misses you. Something bites you.
The orc warrior hits you but does no damage. 😮 HP[-5]
You take 5 damage, and now have 28/50 hp.
Unknown command.
Casting: Stone Arrow (safe; 1% risk of failure)
Confirm with . or Enter, or press ? or * to list all spells.
Aiming: Stone Arrow (safe; 1% risk of failure)
Press: ? - help, Shift-Dir - straight line, f/p - orc warrior
Aim: an orc warrior, wielding a +0 mace and wearing a +0 plate armour (heavily wounded, 78% to hit)
You feel a surge of power!
The stone arrow hits the orc warrior!!
You kill the orc warrior!
Vehumet accepts your kill.
Vehumet offers you knowledge of Mephitic Cloud.
Something barely misses you. Something bites you.
* * * LOW HITPOINT WARNING * * *
Your Conjurations skill increases to level 10! 😨 HP[-3] MP[-3]
You take 3 damage, and now have 25/50 hp.
You lost 3 mp, and now have 6/19 mp.
Casting: Stone Arrow (safe; 1% risk of failure)
Confirm with . or Enter, or press ? or * to list all spells.
You can't see any susceptible monsters within range! (Use Z to cast anyway.) Unknown command.
Casting: Stone Arrow (safe; 1% risk of failure)
Confirm with . or Enter, or press ? or * to list all spells.
You can't see any susceptible monsters within range! (Use Z to cast anyway.) Unknown command.
Casting: Stone Arrow (safe; 1% risk of failure)
Confirm with . or Enter, or press ? or * to list all spells.
Aiming: Sandblast (safe; 1% risk of failure)
Press: ? - help, Shift-Dir - straight line You feel a surge of power!
The blast of sand hits something!
Something hits you.
* * * LOW HITPOINT WARNING * * *
Something bites you but does no damage. Something hits you but does no damage.
Something bites you!
* * * LOW HITPOINT WARNING * * *
Something hits you but does no damage.
Something bites you but does no damage. 😱 HP[-16]
You take 16 damage, and now have 9/50 hp.
MASSIVE DAMAGE!! (PAUSE) Unknown command.
Casting: Sandblast (safe; 1% risk of failure)
Confirm with . or Enter, or press ? or * to list all spells.
Aiming: Sandblast (safe; 1% risk of failure)
Press: ? - help, Shift-Dir - straight line You feel a surge of power!
Something hits you.
* * * LOW HITPOINT WARNING * * *
Something bites you but does no damage. Something hits you but does no damage.
Something bites you.
* * * LOW HITPOINT WARNING * * *
😱 HP[-8] MP[-1]
You take 8 damage, and now have 1/50 hp.
You lost 1 mp, and now have 5/19 mp.
Unknown command.
Okay, then.
Okay, then.
It was a potion of invisibility.
You fade into invisibility!
Something hits you but does no damage. Something bites you!
You die...

Skill      XL: |  1  2  3  4  5  6  7  8  9 10 |
---------------+-------------------------------+-----
Earth Magic    | 4 5 6 7 9 11 | 11.8
Conjurations   | 1 2 3 4 5 7 9 10 | 10.0
Spellcasting   | 3 4 5 6 |  6.4
Dodging        | |  1.5
Stealth        | |  2.1
Transmutations | |  0.7

Action                     |  1- 3 |  4- 6 |  7- 9 | 10-12 || total
---------------------------+-------+-------+-------+-------++-------
  Melee: Unarmed           |    27 |       |       |       ||    27
         Short sword       |     6 |       |       |       ||     6
         Dagger            |       |    39 |    27 |       ||    66
         Punch             |       |     1 |     1 |       ||     2
         Staff             |       |       |       |     4 ||     4
   Cast: Sandblast         |    34 |    67 |   151 |    17 ||   269
         Stone Arrow       |       |       |    20 |    25 ||    45
    Use: Scroll            |     1 |     6 |    10 |       ||    17
         Potion            |       |       |       |     2 ||     2
   Stab: Sleeping          |       |     6 |       |       ||     6
 Armour: Robe              |    13 |    23 |    42 |       ||    78
         Leather armour    |       |       |       |    49 ||    49
  Dodge: Dodged            |    21 |    40 |    94 |    76 ||   231

Levels and vault maps discovered:
D:1:      onia_arrival_pyramid, layout_loops_ring, fountainhead,
          minmay_lizard_pond
D:2:      layout_loops_cross, basic_altar, uniq_robin
D:3:      layout_basic, nicolae_dithmenos_through_a_glass_darkly,
          minmay_misc_feat_cross
D:4:      layout_gridville, minmay_temple_entry_junction,
          ebering_ghost_disaster_area, serial_undead, serial_undead_f,
          serial_undead_a, serial_undead_f, serial_undead_e
D:5:      gammafunk_wand_slinger, layout_basic, nicolae_grassy_gnolls,
          uniq_crazy_yiuf_cottage
D:6:      layout_basic, nrook_loot_triangle
D:7:      layout_basic, mainiacjoe_overflow_catwalk_spiral
D:8:      minmay_inner_zag, layout_basic, nicolae_overflow_hidden_temple,
          uniq_joseph
D:9:      layout_basic, mainiacjoe_overflow_small_starburst, david_orc_3,
          serial_shops, shop, nicolae_shop_bloodbath_and_beyond, uniq_grum
Temple:   nicolae_temple_ecumenical_triangle

Notes
Turn   | Place    | Note
-------+----------+-------------------------------------------
     0 | D:1      | kae the Gargoyle Earth Elementalist began the quest for the
                  | Orb.
     0 | D:1      | Reached XP level 1. HP: 10/10 MP: 3/3
     0 | D:1      | magus.rc [v1.11.3]
   123 | D:1      | You pick up a book of Geomancy and begin reading...
   144 | D:1      | Reached skill level 4 in Earth Magic
   149 | D:1      | Reached XP level 2. HP: 15/15 MP: 0/5
   379 | D:1      | Reached XP level 3. HP: 19/19 MP: 4/6
   383 | D:1      | Learned a level 3 spell: Stone Arrow
   386 | D:1      | Learned a level 2 spell: Passwall
   756 | D:2      | Reached skill level 1 in Conjurations
   763 | D:2      | Reached skill level 5 in Earth Magic
   763 | D:2      | Reached XP level 4. HP: 14/24 MP: 0/8
   922 | D:2      | You pick up a book of Maledictions and begin reading...
   922 | D:2      | You add the spells Anguish and Enfeeble to your library.
   941 | D:2      | Found a shadowy altar of Dithmenos.
  1066 | D:2      | Noticed Robin
  1097 | D:2      | Killed Robin
  1431 | D:3      | Found a shadowy altar of Dithmenos.
  1517 | D:3      | Reached skill level 2 in Conjurations
  1529 | D:3      | You add the spells Kindle Blastsparks, Ignite Poison and
                  | Freezing Cloud to your library.
  1733 | D:3      | Reached XP level 5. HP: 28/28 MP: 9/9
  2451 | D:4      | Found a large runed translucent door.
  2451 | D:4      | Found a large runed translucent door.
  2453 | D:4      | Noticed sanka's ghost (amateur DgHu)
  2480 | D:4      | Reached skill level 3 in Spellcasting
  2506 | D:4      | Reached skill level 3 in Conjurations
  2508 | D:4      | Reached skill level 6 in Earth Magic
  2508 | D:4      | Reached XP level 6. HP: 32/32 MP: 2/10
  2705 | D:4      | Found a staircase to the Ecumenical Temple.
  2714 | Temple   | Entered the Ecumenical Temple
  2761 | Temple   | Became a worshipper of Vehumet
  2784 | D:4      | Noticed a black bear
  2789 | D:4      | Killed a black bear
  2790 | D:4      | Reached skill level 4 in Conjurations
  2821 | D:4      | Reached XP level 7. HP: 35/36 MP: 7/12
  2892 | D:4      | Reached skill level 7 in Earth Magic
  3196 | D:4      | You pick up a book of Changes and begin reading...
  3196 | D:4      | You add the spells Beastly Appendage, Wereblood and Spider
                  | Form to your library.
  3342 | D:5      | Entered Level 5 of the Dungeon
  3348 | D:5      | Learned a level 4 spell: Petrify
  3379 | D:5      | Found a transporter.
  3401 | D:5      | Reached * piety under Vehumet
  3401 | D:5      | Offered knowledge of Magic Dart by Vehumet.
  3413 | D:5      | Reached skill level 5 in Conjurations
  3445 | D:5      | Reached skill level 4 in Spellcasting
  3475 | D:5      | Reached XP level 8. HP: 24/41 MP: 2/14
  3652 | D:5      | Reached skill level 8 in Earth Magic
  3728 | D:5      | Reached skill level 6 in Conjurations
  3860 | D:5      | Found a runed translucent door.
  3861 | D:5      | Noticed Crazy Yiuf
  3961 | D:5      | Reached skill level 9 in Earth Magic
  4031 | D:5      | Found a transporter.
  4176 | D:5      | Killed Crazy Yiuf
  4388 | D:6      | Reached skill level 7 in Conjurations
  4396 | D:6      | Reached ** piety under Vehumet
  4396 | D:6      | Offered knowledge of Kiss of Death by Vehumet.
  4399 | D:6      | Reached skill level 5 in Spellcasting
  4450 | D:6      | You pick up a book of Spectacle and begin reading...
  4450 | D:6      | You add the spells Dazzling Flash, Iskenderun's Mystic
                  | Blast and Starburst to your library.
  4633 | D:6      | Reached XP level 9. HP: 45/45 MP: 14/16
  5016 | D:7      | Found a white marble altar of Elyvilon.
  5018 | D:7      | Found a sparkling altar of Nemelex Xobeh.
  5114 | D:7      | Reached skill level 10 in Earth Magic
  5478 | D:7      | Reached skill level 8 in Conjurations
  6240 | D:8      | Offered knowledge of Scorch by Vehumet.
  6391 | D:8      | Reached skill level 9 in Conjurations
  6391 | D:8      | Reached skill level 11 in Earth Magic
  6495 | D:8      | Reached skill level 6 in Spellcasting
  6496 | D:8      | Reached *** piety under Vehumet
  6497 | D:8      | Reached XP level 10. HP: 50/50 MP: 16/19
  6598 | D:8      | Found an iron altar of Okawaru.
  6601 | D:8      | Found a hazy altar of Hepliaklqana.
  6603 | D:8      | Found a burning altar of Makhleb.
  6701 | D:8      | You pick up a book of Flames and begin reading...
  6701 | D:8      | You add the spells Inner Flame, Sticky Flame and Flame Wave
                  | to your library.
  6708 | D:8      | Noticed Joseph
  6714 | D:8      | Killed Joseph
  6998 | D:9      | Found a basalt altar of Yredelemnul.
  7305 | D:8      | Offered knowledge of Mephitic Cloud by Vehumet.
  7306 | D:8      | Reached skill level 10 in Conjurations
  7306 | D:8      | HP: 9/50 [something (11)]
  7307 | D:8      | HP: 3/50 [something (6)]
  7307 | D:8      | HP: 1/50 [something (2)]
  7308 | D:8      | Mangled by a vampire

Vanquished Creatures
  Joseph (D:8)
  A hornet (D:8)
  A wyvern (D:6)
  2 water moccasins
  3 orc warriors (D:8)
  A sky beast (D:7)
  2 black bears
  3 centaurs
  2 phantoms
  2 kobold brigands
  3 bullfrogs
  5 necrophages
  A gnoll sergeant (D:5)
  A water moccasin zombie (D:4)
  2 scorpions
  A wight (D:8)
  2 water moccasin skeletons (D:4)
  7 killer bees (D:8)
  5 howler monkeys
  A bullfrog zombie (D:4)
  3 jellies
  5 hounds
  A gnoll bouda (D:5)
  4 orc priests
  Crazy Yiuf (D:5)
  3 iguanas
  5 orc wizards
  3 hound zombies (D:4)
  A hound skeleton (D:4)
  Robin (D:2)
  2 adders
  11 gnolls
  4 white imps
  An ufetubus (D:4)
  An adder zombie (D:4)
  An adder skeleton (D:4)
  4 worms
  3 dart slugs
  21 orcs
  5 endoplasms
  7 goblins
  12 hobgoblins
  2 jackals (D:3)
  17 kobolds
  2 quokkas
  6 ball pythons
  4 bats
  9 frilled lizards
  A quokka skeleton (D:4)
  6 rats
192 creatures vanquished.

Vanquished Creatures (others)
  14 plants (D:5)
14 creatures vanquished.

Grand Total: 206 creatures vanquished

Table legend:
 A = Non-vault XP
 B = Vault XP
 C = Vault XP percentage of total XP
 D = Non-vault monster count
 E = Vault monster count
 F = Vault count percentage of total count
                 A         B        C        D         E       F
            +---------+---------+-------+---------+---------+-------
      Total |    4646 |    1554 |  25.1 |     152 |      40 |  20.8
            +---------+---------+-------+---------+---------+-------
        D:1 |      31 |       7 |  18.4 |      18 |       7 |  28.0
        D:2 |      71 |      30 |  29.7 |      16 |       7 |  30.4
        D:3 |      40 |       0 |   0.0 |      14 |       0 |   0.0
        D:4 |     159 |     458 |  74.2 |      10 |      12 |  54.5
        D:5 |    1134 |     169 |  13.0 |      32 |       5 |  13.5
        D:6 |     564 |       0 |   0.0 |      15 |       0 |   0.0
        D:7 |     713 |       0 |   0.0 |      10 |       0 |   0.0
        D:8 |    1828 |     890 |  32.7 |      35 |       9 |  20.5
        D:9 |     106 |       0 |   0.0 |       2 |       0 |   0.0
            +---------+---------+-------+---------+---------+-------

Illustrated notes

Table legend:
 A = Kills in this place as a percentage of kills in entire the game.
 B = Kills by you in this place as a percentage of kills by you in the entire game.
 C = Kills by friends in this place as a percentage of kills by friends in the entire game.
 D = Other kills in this place as a percentage of other kills in the entire game.
 E = Experience gained in this place as a percentage of experience gained in the entire game.
 F = Experience gained in this place divided by the number of levels of this place that you have seen.
                   A       B       C       D       E      F
               +-------+-------+-------+-------+-------+----------------------
         Total | 100.0 | 100.0 |   N/A |   N/A | 100.0 | 620.0
       Dungeon | 100.0 | 100.0 |   N/A |   N/A | 100.0 | 688.9
               +-------+-------+-------+-------+-------+----------------------

Table legend: (Time is in decaauts)
 A = Elapsed time spent in this place.
 B = Non-inter-level travel time spent in this place.
 C = Inter-level travel time spent in this place.
 D = Time resting spent in this place.
 E = Time spent auto-exploring this place.
 F = Levels seen in this place.
 G = Mean time per level.
                   A        B        C        D        E       F      G
               +--------+--------+--------+--------+--------+-----+--------+
         Total |   7448 |   7112 |    336 |    242 |   5725 |  10 |  744.8 |
       Dungeon |   7391 |   7065 |    326 |    242 |   5698 |   9 |  821.2 |
        Temple |     56 |     47 |      9 |      0 |     27 |   1 |   56.0 |
               +--------+--------+--------+--------+--------+-----+--------+

Top non-repeatable levels by time:
     D:8: 1572 daAuts
     D:4: 1067 daAuts
     D:3: 958 daAuts
     D:7: 847 daAuts
     D:5: 808 daAuts
     D:2: 782 daAuts
     D:6: 689 daAuts
     D:1: 648 daAuts
  Temple: 56 daAuts
     D:9: 16 daAuts
